 Dungeon Crawl Stone Soup version 0.23.2-40-g277498a001 (webtiles) character file.

Game seed: 9614275974235802586

25742 Cryoshakespeare the Carver (level 13, -28/101 HPs)
             Began as a Human Gladiator on Oct 7, 2019.
             Was a High Priest of Yredelemnul.
             Killed from afar by an ice dragon (37 damage)
             ... with a blast of cold
             ... on level 4 of the Lair of Beasts.
             The game lasted 00:49:29 (16769 turns).

Cryoshakespeare the Carver (Human Gladiator)       Turns: 16769, Time: 00:49:30

Health: -28/101    AC: 20    Str: 19    XL:     13   Next: 52%
Magic:  17/17      EV: 15    Int: 17    God:    Yredelemnul [*****.]
Gold:   1105       SH:  0    Dex: 18    Spells: 10/18 levels left

rFire    . . .     SeeInvis .   F - +1 great sword "Ogreslayer" {drain, rElec rPois Int+3}
rCold    . . .     Gourm    .   (shield currently unavailable)
rNeg     . . .     Faith    .   G - +5 scale mail of the Wary Moons {Int+2 Dex+3}
rPois    +         Spirit   .   y - +0 helmet
rElec    +         Reflect  .   J - scarf {repulsion}
rCorr    .         Harm     .   k - +2 pair of gloves
MR       .....                  H - +1 pair of boots
Stlth    ..........             s - amulet of rage
HPRegen  0.26/turn              n - +3 ring of intelligence
MPRegen  0.15/turn              h - +3 ring of slaying

@: repel missiles
A: no striking features
a: Recall Undead Slaves, Injury Mirror, Animate Dead, Drain Life, Enslave Soul,
Renounce Religion, Evoke Berserk Rage


You were on level 4 of the Lair of Beasts.
You worshipped Yredelemnul.
Yredelemnul was extremely pleased with you.
You were not hungry.

You visited 3 branches of the dungeon, and saw 17 of its levels.
You also visited: Ossuary.

You collected 1105 gold pieces.

Inventory:

Hand Weapons
 F - the +1 great sword "Ogreslayer" (weapon) {drain, rElec rPois Int+3}
   (You found it on level 6 of the Dungeon)

   A truly terrible weapon, it drains the life of those it strikes.
   It affects your intelligence (+3).
   It insulates you from electricity.
   It protects you from poison.
 K - the +7 hand crossbow of Bauptaf {venom, rC+ Str+2 Int+7 Dex-3}
   (You found it on level 7 of the Dungeon)

   It poisons the ammo it fires.
   It affects your strength (+2).
   It affects your intelligence (+7).
   It affects your dexterity (-3).
   It protects you from cold.
Missiles
 d - 14 throwing nets (quivered)
Armour
 k - a +2 pair of gloves (worn)
 y - a +0 helmet (worn)
 G - the +5 scale mail of the Wary Moons (worn) {Int+2 Dex+3}
   (You found it on level 6 of the Dungeon)

   It affects your intelligence (+2).
   It affects your dexterity (+3).
 H - a +1 pair of boots (worn)
 J - a scarf of repulsion (worn)
Jewellery
 c - an uncursed ring of flight
 h - a +3 ring of slaying (right hand)
 n - a +3 ring of intelligence (left hand)
 p - an uncursed amulet of guardian spirit
 s - an amulet of rage (around neck)
 v - an uncursed amulet of harm
 E - an uncursed amulet of regeneration
 T - an uncursed ring of protection from magic
Wands
 i - a wand of flame (12)
 m - a wand of paralysis (17)
 B - a wand of clouds (5)
 I - a wand of iceblast (22)
 W - a wand of digging (4)
Scrolls
 g - 2 scrolls of remove curse
 j - 7 scrolls of teleportation
 l - a scroll of brand weapon {unknown}
 t - a scroll of torment {unknown}
 u - 6 scrolls of enchant weapon
 w - 2 scrolls of noise {unknown}
 z - a scroll of fear {unknown}
 A - 3 scrolls of blinking
 C - a scroll of enchant armour {unknown}
 N - a scroll of holy word {unknown}
 P - a scroll of vulnerability {unknown}
 U - 2 scrolls of amnesia {unknown}
 X - a scroll of magic mapping
 Y - 5 scrolls of fog {unknown}
Potions
 a - a potion of cancellation {unknown}
 b - 2 potions of berserk rage
 o - 15 potions of curing
 q - 3 potions of brilliance {unknown}
 r - a potion of lignification {unknown}
 x - 2 potions of mutation
 L - 4 potions of agility
 M - 2 potions of heal wounds
 O - 2 potions of haste {unknown}
 Q - 2 potions of might
 R - 2 potions of resistance {unknown}
 V - 2 potions of degeneration {unknown}
 Z - a potion of ambrosia {unknown}
Comestibles
 f - 31 rations
 D - 3 chunks of flesh


   Skills:
 + Level 9.6 Fighting
 * Level 13.1 Long Blades
 - Level 2.0 Throwing
 + Level 8.9 Armour
 + Level 8.2 Dodging
 - Level 3.1 Spellcasting
 - Level 4.0 Charms
 - Level 4.2 Translocations
 - Level 4.0 Air Magic
 + Level 5.7 Invocations


You had 10 spell levels left.
You knew the following spells:

 Your Spells              Type           Power        Failure   Level  Hunger
a - Blink                 Tloc           N/A          12%         2    ##.....
b - Deflect Missiles      Chrm/Air       ###.......   100%        6    #######

Your spell library contained the following spells:

 Spells                   Type           Power        Failure   Level  Hunger
 Swiftness                Chrm/Air       ###.....     13%         2    ##.....
 Shock                    Conj/Air       #...         19%         1    None
 Magic Dart               Conj           #...         41%         1    None
 Static Discharge         Conj/Air       #.......     50%         3    ###....
 Call Imp                 Summ           #.......     54%         2    ##.....
 Slow                     Hex            #.......     54%         2    ##.....
 Mephitic Cloud           Conj/Pois/Air  #.......     58%         3    ###....
 Airstrike                Air            ###.......   63%         4    ####...
 Conjure Flame            Conj/Fire      #.......     78%         3    ###....
 Cause Fear               Hex            #.........   99%         4    ####...
 Leda's Liquefaction      Hex/Erth       #.........   99%         4    ####...
 Lightning Bolt           Conj/Air       #.........   99%         5    ######.
 Silence                  Hex/Air        #.........   99%         5    ######.
 Bolt of Magma            Conj/Fire/Erth #.........   100%        5    ######.
 Yara's Violent Unravell  Hex/Tmut       #.........   100%        5    ######.
 Iron Shot                Conj/Erth      #.........   100%        6    #######
 Statue Form              Tmut/Erth      #........    100%        6    #######
 Discord                  Hex            #.........   100%        8    #######
 Shatter                  Erth           #.........   100%        9    #######


Dungeon Overview and Level Annotations

Branches:
Dungeon (12/15)            Temple (1/1) D:7            Lair (4/6) D:11
 Shoals (0/4) Lair:2        Snake (0/4) Lair:2          Orc (0/2) D:10

Altars:
Ashenzari
Cheibriados
Dithmenos
Elyvilon
Fedhas
Gozag
Hepliaklqana
Kikubaaqudgha
Makhleb
Nemelex Xobeh
Okawaru
Qazlal
Ru
Sif Muna
Trog
Uskayaw
Vehumet
Wu Jian
Xom
Yredelemnul
Zin
The Shining One

Shops:
D:9 *   D:10 *   D:11 [

Portals:
Ice
Cave: Lair:4


Message History

Your ten-headed hydra zombie bites the ice dragon but does no damage. x3
Your ten-headed hydra zombie completely misses the ice dragon.
Your ten-headed hydra zombie bites the ice dragon but does no damage.
Your ten-headed hydra zombie bites the ice dragon.
The yak gores your polar bear skeleton.
Unknown command.
Your ten-headed hydra zombie bites the ice dragon. x3
Your ten-headed hydra zombie bites the ice dragon!
Your ten-headed hydra zombie bites the ice dragon but does no damage.
Your ten-headed hydra zombie barely misses the ice dragon.
Your ten-headed hydra zombie bites the ice dragon. x2
Your ten-headed hydra zombie bites the ice dragon but does no damage.
Your ten-headed hydra zombie bites the ice dragon!
The yak gores your ten-headed hydra zombie!
You slash the ice dragon! You drain the ice dragon.
The ice dragon is almost dead.
The ice dragon breathes frost at you. The blast of cold hits you!!!
You die...
Your body rises from the dead as a mindless zombie.

.............[...#
......^......(...#
...#.............#
.....#..P......P#*
..#.........#..##
....##......#...#####
.....#...........#..#
....#.#.............# *****
.....##..##.....@DZ.## **#*,,.**
....P######P.....Z.Y.####Y#....,*
...### #P........#.#.†Yhk.∩.,*
..#* *##.......###Y###YD...,* ,,*
#..........#### *,*...** ***
#.....#....#* *****#* *
#...........*** *###..$.....##,*
*** **,*..........,**


You could see an ice dragon, a yak, a friendly ten-headed hydra zombie and a
friendly polar bear skeleton.

Vanquished Creatures
  Gastronok (D:8)
  4 hydras
  A catoblepas (D:12)
  A two-headed ogre (D:11)
  Urug (Lair:3)
  An unseen horror (D:11)
  A wizard (D:11)
  An oklob plant (D:10)
  A merfolk siren (Lair:2)
  An elephant (Lair:2)
  Psyche (D:8)
  A spiny frog (Lair:2)
  A black mamba (Lair:3)
  A komodo dragon (Lair:1)
  A polar bear (Lair:4)
  Prince Ribbit (D:8)
  7 slime creatures (D:11)
  6 hippogriffs
  2 wraiths
  2 wyverns
  15 yaks
  Grum (D:8)
  Menkaure (D:6)
  2 hungry ghosts (D:11)
  8 water moccasins
  3 nagas (Lair:2)
  5 porcupines
  2 ice beasts
  3 orc warriors
  A phantom (D:4)
  2 sky beasts
  An eye of draining (D:9)
  4 wolves
  9 ogres
  10 centaurs
  A crocodile (Lair:2)
  2 big kobolds
  An elf zombie (D:8)
  14 bullfrogs
  3 elf skeletons (D:8)
  6 scorpions
  6 killer bees
  6 wights
  A howler monkey (D:5)
  An electric eel (Lair:2)
  3 centaur zombies (Ossuary)
  6 crimson imps
  6 jellies
  5 hounds
  A bullfrog skeleton (D:12)
  6 orc priests
  An orc wizard (D:12)
  A gnoll shaman (D:8)
  A human skeleton (D:8)
  Ijyb (D:5)
  5 iguanas
  7 worker ants
  4 big kobold zombies (Ossuary)
  A hound zombie (D:9)
  A hound skeleton (D:8)
  4 mummies (Ossuary)
  A worker ant zombie (D:8)
  Robin (D:3)
  4 adders
  6 gnolls
  3 shadow imps
  6 oozes
  An adder skeleton (D:4)
  A worm (D:4)
  3 dart slugs (D:1)
  5 leopard geckos
  24 orcs
  4 ball pythons
  4 giant cockroaches
  11 hobgoblins
  6 jackals
  11 kobolds
  4 quokkas
  12 bats
  6 frilled lizards
  15 goblins
  3 hobgoblin zombies (Ossuary)
  An orc zombie (D:8)
  10 rats
339 creatures vanquished.

Vanquished Creatures (collateral kills)
  A two-headed ogre (D:9)
  A fire crab (Lair:2)
  A slime creature (D:11)
  A merfolk siren (Lair:2)
  2 spiny frogs
  2 komodo dragons
  A merfolk (Lair:2)
  A spriggan (Lair:2)
  3 yaks
  An ice beast (D:12)
  An eye of draining (D:12)
  An orc warrior (D:12)
  An ogre (D:10)
  A wolf (Lair:4)
  2 crocodiles
  A scorpion (D:11)
  3 killer bees (D:12)
  An electric eel (Lair:4)
  A jelly (D:12)
  A centaur skeleton (D:8)
  A bullfrog skeleton (D:9)
  An orc (D:12)
  2 kobolds (D:11)
  4 fungi
  A plant (Lair:2)
36 creatures vanquished.

Vanquished Creatures (others)
  3 flying skulls (Lair:4)
  A human skeleton (D:11)
  A two-headed ogre skeleton (D:11)
  A wyvern zombie (D:10)
  A centaur zombie (D:12)
  2 centaur skeletons
  A big kobold zombie (D:12)
  2 naga zombies (Lair:2)
  An ogre skeleton (D:12)
  A crocodile skeleton (Lair:2)
  A worker ant zombie (D:12)
  2 kobold zombies (D:12)
  4 orc skeletons
  4 orc zombies
  5 fungi (D:11)
  2 plants (D:11)
32 creatures vanquished.

Grand Total: 407 creatures vanquished

Notes
Turn   | Place    | Note
-------+----------+-------------------------------------------
     0 | D:1      | Cryoshakespeare the Human Gladiator began the quest for the
                  | Orb.
     0 | D:1      | Reached XP level 1. HP: 16/16 MP: 1/1
   179 | D:1      | Reached XP level 2. HP: 17/22 MP: 2/2
   611 | D:1      | Reached XP level 3. HP: 19/28 MP: 3/3
  1303 | D:2      | Found a shadowy altar of Dithmenos.
  1667 | D:2      | Reached skill level 4 in Long Blades
  1667 | D:2      | Reached XP level 4. HP: 12/34 MP: 4/4
  1949 | D:2      | Found a faded altar of an unknown god.
  2342 | D:2      | Found a snail-covered altar of Cheibriados.
  2535 | D:3      | Reached XP level 5. HP: 35/40 MP: 5/5
  2681 | D:3      | Noticed Robin
  3122 | D:3      | Killed Robin
  3648 | D:4      | Found a blossoming altar of Fedhas.
  3698 | D:3      | Reached XP level 6. HP: 7/47 MP: 6/6
  4082 | D:4      | Reached skill level 5 in Long Blades
  4082 | D:4      | Reached skill level 1 in Armour
  4500 | D:4      | Learned a level 2 spell: Blink
  4614 | D:4      | Noticed a phantom
  4629 | D:4      | Killed a phantom
  4850 | D:4      | Reached skill level 1 in Translocations
  4850 | D:4      | Reached XP level 7. HP: 26/53 MP: 7/7
  5620 | D:5      | Entered Level 5 of the Dungeon
  5704 | D:5      | Found an ancient bone altar of Kikubaaqudgha.
  5734 | D:5      | Noticed Ijyb
  5743 | D:5      | Killed Ijyb
  6025 | D:4      | Reached skill level 6 in Long Blades
  6231 | D:5      | Reached XP level 8. HP: 56/60 MP: 8/8
  6384 | D:5      | Found a hazy altar of Hepliaklqana.
  6675 | D:6      | Got a fine great sword
  6676 | D:6      | Identified the +1 great sword "Ogreslayer" {drain, rElec
                  | rPois Int+3} (You found it on level 6 of the Dungeon)
  6703 | D:6      | Noticed Menkaure
  6708 | D:6      | Killed Menkaure
  6855 | D:6      | Reached skill level 7 in Long Blades
  6862 | D:6      | Got a crude scale mail
  7063 | D:6      | Found a glowing silver altar of Zin.
  7500 | D:7      | Got a brightly glowing hand crossbow
  7501 | D:7      | Identified the +7 hand crossbow of Bauptaf {venom, rC+
                  | Str+2 Int+7 Dex-3} (You found it on level 7 of the Dungeon)
  7550 | D:7      | Reached skill level 5 in Fighting
  7879 | D:7      | Reached XP level 9. HP: 60/68 MP: 9/9
  8165 | D:7      | Reached skill level 8 in Long Blades
  8211 | D:7      | Found a glowing golden altar of the Shining One.
  8407 | D:7      | Found a staircase to the Ecumenical Temple.
  8416 | Temple   | Entered the Ecumenical Temple
  8459 | Temple   | Became a worshipper of Yredelemnul the Dark
  8581 | D:7      | Found a sparkling altar of Nemelex Xobeh.
  8583 | D:7      | Found a shattered altar of Ashenzari.
  8758 | D:8      | Found a sand-covered staircase.
  8768 | Ossuary  | Entered an ossuary
  8901 | Ossuary  | Reached skill level 5 in Armour
  9033 | Ossuary  | Reached * piety under Yredelemnul
  9035 | Ossuary  | Reached skill level 9 in Long Blades
  9093 | Ossuary  | Identified the +5 scale mail of the Wary Moons {Int+2
                  | Dex+3} (You found it on level 6 of the Dungeon)
  9488 | D:8      | Noticed Gastronok
  9502 | D:8      | Killed Gastronok
  9502 | D:8      | Reached XP level 10. HP: 42/77 MP: 10/13
  9673 | D:8      | Noticed Grum
  9679 | D:8      | Killed Grum
  9679 | D:8      | Reached skill level 10 in Long Blades
  9679 | D:8      | Reached skill level 5 in Dodging
  9741 | D:8      | Noticed Prince Ribbit
  9748 | D:8      | Killed Prince Ribbit
  9797 | D:8      | Reached ** piety under Yredelemnul
  9805 | D:8      | Noticed Psyche
  9818 | D:8      | Killed Psyche
  9996 | D:8      | Found an ornate altar of the Wu Jian Council.
 10052 | D:9      | Reached XP level 11. HP: 71/84 MP: 11/15
 10093 | D:9      | Found a sacrificial altar of Ru.
 10192 | D:9      | Found a stormy altar of Qazlal.
 10257 | D:9      | Found Ogymnuam's General Store.
 10433 | D:9      | Noticed a two-headed ogre
 10440 | D:9      | Killed a two-headed ogre
 10676 | D:10     | Entered Level 10 of the Dungeon
 10704 | D:10     | Reached skill level 11 in Long Blades
 10757 | D:10     | Found a staircase to the Orcish Mines.
 10844 | D:10     | Found Goivitia's General Store.
 10964 | D:10     | Found an iron altar of Okawaru.
 10964 | D:10     | Noticed an oklob plant
 10978 | D:10     | Killed an oklob plant
 11270 | D:11     | Noticed a two-headed ogre
 11279 | D:11     | Killed a two-headed ogre
 11279 | D:11     | Reached skill level 1 in Invocations
 11391 | D:11     | Reached *** piety under Yredelemnul
 11409 | D:11     | Noticed a wizard
 11415 | D:11     | Killed a wizard
 11438 | D:11     | Learned a level 6 spell: Deflect Missiles
 11484 | D:11     | Noticed a five-headed hydra
 11495 | D:11     | HP: 4/86 [nine-headed hydra (5)]
 11701 | D:11     | Reached skill level 1 in Charms
 11702 | D:11     | Reached skill level 1 in Air Magic
 11810 | D:11     | Killed an 11-headed hydra
 11810 | D:11     | Reached XP level 12. HP: 84/94 MP: 16/16
 11905 | D:11     | Found a staircase to the Lair.
 11949 | D:11     | Found Waffoe's Antique Armour Shop.
 12019 | D:11     | Killed an unseen horror
 12271 | D:12     | Reached **** piety under Yredelemnul
 12296 | D:12     | Reached skill level 12 in Long Blades
 12299 | D:12     | Noticed a catoblepas
 12309 | D:12     | Killed a catoblepas
 13017 | Lair:1   | Entered Level 1 of the Lair of Beasts
 13056 | Lair:1   | Reached ***** piety under Yredelemnul
 13290 | Lair:1   | Noticed an eight-headed hydra
 13299 | Lair:1   | Killed an 11-headed hydra
 14064 | Lair:2   | Found a staircase to the Snake Pit.
 14073 | Lair:2   | Reached XP level 13. HP: 72/101 MP: 17/17
 15051 | Lair:2   | Found a staircase to the Shoals.
 15055 | Lair:2   | Reached skill level 5 in Invocations
 15169 | Lair:2   | Noticed a seven-headed hydra
 15176 | Lair:2   | Killed a 12-headed hydra
 15630 | Lair:3   | Noticed Urug
 15647 | Lair:3   | Killed Urug
 16195 | Lair:3   | Reached skill level 13 in Long Blades
 16195 | Lair:3   | Received a gift from Yredelemnul (3 flying skulls)
 16657 | Lair:4   | Noticed an eight-headed hydra
 16668 | Lair:4   | Killed a ten-headed hydra
 16717 | Lair:4   | Found a frozen archway.
 16718 | Lair:4   | Noticed an ice dragon
 16769 | Lair:4   | Killed from afar by an ice dragon

Skill      XL: |  1  2  3  4  5  6  7  8  9 10 11 12 13 |
---------------+----------------------------------------+-----
Long Blades    | 4 5 6 7 9 10 11 12 13 | 13.1
Fighting       | 3 4 5 6 7 8 9 |  9.6
Armour         | 1 2 4 5 6 7 8 |  8.9
Dodging        | 4 5 6 7 8 |  8.2
Translocations | 1 2 3 4 |  4.2
Spellcasting   | 2 3 |  3.1
Invocations    | 2 4 5 |  5.7
Charms         | 1 3 4 |  4.0
Air Magic      | 1 3 4 |  4.0
Throwing       | |  2.0

Action                   |  1- 3 |  4- 6 |  7- 9 | 10-12 | 13-15 || total
-------------------------+-------+-------+-------+-------+-------++-------
Melee: Long sword        |    73 |       |       |       |       ||    73
       Great sword       |    13 |   162 |   321 |   345 |   110 ||   951
Throw: Stone             |    21 |       |       |       |       ||    21
       Throwing net      |     4 |       |       |       |       ||     4
       Tomahawk          |       |     3 |       |       |       ||     3
 Cast: Blink             |       |       |    11 |       |       ||    11
Invok: Animate Remains   |       |       |     2 |    16 |       ||    18
       Recall Undead Sla |       |       |       |     3 |       ||     3
       Animate Dead      |       |       |       |    26 |    13 ||    39
 Abil: Evoke Berserk Rag |       |       |       |     1 |     2 ||     3
  Use: Scroll            |       |     3 |    10 |     7 |     2 ||    22
       Potion            |       |       |     1 |       |       ||     1
 Stab: Held in net/web   |     1 |       |       |       |       ||     1
       Distracted        |       |       |       |     9 |       ||     9
  Eat: Chunk             |     2 |    11 |    10 |    27 |    15 ||    65
       Ration            |       |       |     2 |     1 |       ||     3
Armor: Leather armour    |    23 |    14 |       |       |       ||    37
       Ring mail         |       |    33 |       |       |       ||    33
       Scale mail        |       |    30 |    22 |   222 |    63 ||   337
       Chain mail        |       |       |    37 |       |       ||    37
       Plate armour      |       |       |   161 |       |       ||   161
Dodge: Dodged            |    55 |   131 |   171 |   316 |   103 ||   776
       Deflected         |       |       |    11 |     8 |     1 ||    20
       Rpst.: Long sword |    18 |       |       |       |       ||    18
       Great sword       |     1 |    40 |    49 |    87 |    19 ||   196
